 Dungeon Crawl Stone Soup version 0.29.0-4-gdea44cf6ec (webtiles) character file.

Game seed: 9854630116183400058

49 qw the Ruffian (level 3, 0/28 HPs)
             Began as a Ghoul Fire Elementalist on Aug 29, 2022.
             Slain by an iguana (6 damage)
             ... on level 3 of the Dungeon.
             The game lasted 00:01:32 (2315 turns).

qw the Ruffian (Ghoul Fire Elementalist)            Turns: 2315, Time: 00:01:32

Health: 0/28       AC:  2    Str: 13    XL:     3   Next: 75%
Magic:  4/4        EV: 12    Int: 10    God:
Gold:   67         SH:  0    Dex:  9    Spells: 4/5 levels left

rFire   . . .      SeeInvis +     - Unarmed
rCold   + . .      Faith    .   (no shield)
rNeg    + + +      Spirit   .   a - +0 robe
rPois   inf        Reflect  .   (no helmet)
rElec   .          Harm     .   (no cloak)
rCorr   .          Rampage  .   (no gloves)
Will    .....                   (no boots)
Stlth   ++........              (no amulet)
HPRegen 0.00/turn               c - ring of see invisible
MPRegen 0.09/turn               (no ring)

@: about to teleport, inhibited regen
A: claws 1, cold resistance 1, negative energy resistance 3, inhibited
regeneration, torment resistance 2, devour on kill
a: no special abilities


You were on level 3 of the Dungeon.
You visited 1 branch of the dungeon, and saw 3 of its levels.

You collected 67 gold pieces.


Innate Abilities, Weirdness & Mutations

You are immune to poison.
You have sharp fingernails.
Your flesh is cold resistant. (rC+)
You are immune to negative energy. (rN+++)
You do not regenerate when monsters are visible.
You are immune to unholy pain and torment.
You thrive by killing the living.


   Skills:
 - Level 1.0 Fighting
 - Level 1.7 Dodging
 - Level 2.1 Stealth
 + Level 3.3 Unarmed Combat
 - Level 1.7 Spellcasting
 - Level 0.7 Conjurations
 - Level 2.4 Fire Magic


You had 4 spell levels left.
You knew the following spells:

 Your Spells              Type           Power      Damage    Failure   Level
a - Foxfire               Conj/Fire      16%        2x1d4     17%         1

Your spell library contained the following spells:

 Spells                   Type           Power      Damage    Failure   Level
 Scorch                   Fire           10%        2d5       19%         2
 Conjure Flame            Conj/Fire      4%         6-21      45%         3
 Inner Flame              Hex/Fire       3%         N/A       52%         3
 Flame Wave               Conj/Fire      4%         2d5       86%         4

Inventory:

Armour
 a - a +0 robe (worn)
 i - a +0 scale mail
Jewellery
 c - a ring of see invisible (left claw)
Scrolls
 e - a scroll of amnesia {unknown}
 g - a scroll of blinking {unknown}
 j - a scroll of noise {unknown}
 Y - 3 scrolls of identify
Potions
 d - a potion of lignification {unknown}
 f - a potion of curing {unknown}
 h - a potion of ambrosia {unknown}
 k - a potion of haste {unknown}

Dungeon Overview and Level Annotations

Branches:
Dungeon (2/15)

Altars:


Message History

There is an open door here.
You hear the rusting of a distant drain.
You open the door.
Found a ring mail.
There is an open door here.
Y - 3 scrolls of identify (gained 1)
You see here a +0 ring mail.
You open the door.
There is an open door here.
You open the door.
An iguana comes into view.
Found a scroll of teleportation.
The iguana hisses angrily.
You barely miss the iguana. The iguana barely misses you.
You barely miss the iguana. The iguana misses you.
You scratch the iguana.
The iguana is lightly wounded.
The iguana barely misses you.
You closely miss the iguana.
The iguana is lightly wounded.
The iguana bites you!
You barely miss the iguana.
The iguana is lightly wounded.
The iguana bites you but does no damage.
You barely miss the iguana.
The iguana is lightly wounded.
The iguana bites you.
You closely miss the iguana.
The iguana is lightly wounded.
The iguana barely misses you.
You barely miss the iguana.
The iguana is lightly wounded.
The iguana bites you.
2315 ||| READING scroll of teleportation.
As you read the scroll of teleportation, it crumbles to dust.
You feel strangely unstable. The iguana bites you.
You die...

...............######
.....................
...............###### .
#..............# ..
...###########'######
.#.#.. #........ ....
#........
.#.#..##########........
......l@.......'....[...
...#..##########........
.... ######### .#.# .? .


You could see an iguana.

Vanquished Creatures
  2 adders
  A worm (D:2)
  A dart slug (D:1)
  An endoplasm (D:1)
  2 hobgoblins (D:1)
  2 jackals (D:2)
  2 quokkas
  4 ball pythons
  A bat (D:2)
  A frilled lizard (D:3)
  5 goblins
  4 rats
26 creatures vanquished.

Notes
Turn   | Place    | Note
-------+----------+-------------------------------------------
     0 | D:1      | qw the Ghoul Fire Elementalist began the quest for the Orb.
     0 | D:1      | Reached XP level 1. HP: 14/14 MP: 2/2
     0 | D:1      | 0 ||| qw: Version: 0.1-a-90-g952f4b7
     0 | D:1      | 0 ||| qw: Game counter: 3996
     0 | D:1      | 0 ||| qw: Always use a shield: true
     0 | D:1      | 0 ||| qw: God list: Okawaru
     0 | D:1      | 0 ||| qw: Allow faded altars: false
     0 | D:1      | 0 ||| qw: Do Orc after D:15 true
     0 | D:1      | 0 ||| qw: Do second Lair branch before Depths: true
     0 | D:1      | 0 ||| qw: Lair rune preference: random
     0 | D:1      | 0 ||| qw: Plans: Normal
     0 | D:1      | 0 ||| PLANNING D:1-11
   127 | D:1      | Reached skill level 1 in Unarmed Combat
   414 | D:1      | Reached skill level 1 in Fighting
   414 | D:1      | Reached XP level 2. HP: 23/23 MP: 3/3
   855 | D:1      | Found a faded altar of an unknown god.
  1137 | D:1      | 1137 ||| Stepping ~*~*~tactically~*~*~ (stealth).
  1140 | D:1      | 1140 ||| Stepping ~*~*~tactically~*~*~ (stealth).
  1142 | D:1      | 1142 ||| Stepping ~*~*~tactically~*~*~ (stealth).
  1144 | D:1      | 1144 ||| Stepping ~*~*~tactically~*~*~ (stealth).
  1146 | D:1      | 1146 ||| Stepping ~*~*~tactically~*~*~ (stealth).
  1148 | D:1      | 1148 ||| Stepping ~*~*~tactically~*~*~ (stealth).
  1425 | D:1      | 1425 ||| UPGRADING to ring of see invisible.
  1426 | D:1      | 1426 ||| READING scroll labelled NOFRITT JEMA.
  1430 | D:1      | 1430 ||| READING 2 scrolls labelled VIXKIR XEEGH.
  1431 | D:1      | 1431 ||| DROPPING potion of magic.
  1520 | D:2      | Reached skill level 2 in Unarmed Combat
  1520 | D:2      | Reached XP level 3. HP: 24/28 MP: 4/4
  1520 | D:2      | 1520 ||| FLEEEEING.
  1527 | D:2      | 1527 ||| FLEEEEING.
  1528 | D:2      | 1528 ||| FLEEEEING.
  1854 | D:2      | 1854 ||| Stepping ~*~*~tactically~*~*~ (stealth).
  1855 | D:2      | 1855 ||| Stepping ~*~*~tactically~*~*~ (stealth).
  1864 | D:2      | 1864 ||| Stepping ~*~*~tactically~*~*~ (stealth).
  1922 | D:2      | You fall into a shaft and drop 1 floor!
  1929 | D:3      | 1929 ||| PLANNING SEWER
  2022 | D:3      | Reached skill level 3 in Unarmed Combat
  2314 | D:3      | HP: 6/28 [iguana (5)]
  2315 | D:3      | 2315 ||| READING scroll of teleportation.
  2315 | D:3      | Slain by an iguana

Levels and vault maps discovered:
D:1:      denvon_arrival_waterhouse, layout_rooms,
          hellmonk_ecumenical_altar_inner_sanctum, serial_rivers,
          chequers_serial_rivers_large_a, chequers_serial_rivers_marsh,
          chequers_serial_rivers_micro_b, chequers_serial_rivers_small_3,
          chequers_serial_rivers_room_a, patterned_corridor
D:2:      minmay_general_purpose_star, layout_loops_cross
D:3:      layout_basic, portal_sewer_entry_b, kennysheep_nub,
          hangedman_decor_riveting, uniq_crazy_yiuf_cottage

Skill      XL: |  1  2  3 |
---------------+----------+-----
Unarmed Combat | 1 2 3 |  3.3
Fighting       | 1 |  1.0
Dodging        | |  1.7
Stealth        | |  2.1
Spellcasting   | |  1.7
Conjurations   | |  0.7
Fire Magic     | |  2.4

Action                   || total
-------------------------++-------
Melee: Unarmed           ||   124
       Punch             ||     1
  Use: Scroll            ||     3
Armor: Robe              ||    13
Dodge: Dodged            ||    72

Table legend:
 A = Non-vault XP
 B = Vault XP
 C = Vault XP percentage of total XP
 D = Non-vault monster count
 E = Vault monster count
 F = Vault count percentage of total count
                 A         B        C        D         E       F
            +---------+---------+-------+---------+---------+-------
      Total |      70 |       0 |   0.0 |      26 |       0 |   0.0
            +---------+---------+-------+---------+---------+-------
        D:1 |      23 |       0 |   0.0 |      14 |       0 |   0.0
        D:2 |      30 |       0 |   0.0 |       9 |       0 |   0.0
        D:3 |      17 |       0 |   0.0 |       3 |       0 |   0.0
            +---------+---------+-------+---------+---------+-------
